 Dungeon Crawl Stone Soup version 0.28-a0-628-g3c9886e45e (webtiles) character file.

Game seed: 17756055203858187338

73 mordus the Poker (level 4, -4/39 HPs)
             Began as a Hill Orc Monk on Oct 8, 2021.
             Slain by Grinder (8 damage)
             ... on level 3 of the Dungeon.
             The game lasted 00:02:01 (1901 turns).

mordus the Poker (Hill Orc Monk)                    Turns: 1901, Time: 00:02:02

Health: -4/39      AC:  2    Str: 20    XL:     4   Next: 27%
Magic:  4/4        EV: 12    Int: 10    God:
Gold:   89         SH:  0    Dex: 13    Spells: 3/3 levels left

rFire   . . .      SeeInvis .   a - +0 spear
rCold   . . .      Faith    .   (no shield)
rNeg    . . .      Spirit   .   b - +0 robe
rPois   .          Reflect  .   (no helmet)
rElec   .          Harm     .   (no cloak)
rCorr   .          Rampage  .   (no gloves)
Will    .....                   (no boots)
Stlth   ++........              (no amulet)
HPRegen 0.13/turn               h - +6 ring of strength
MPRegen 0.09/turn               (no ring)

@: no status effects
A: no striking features
a: no special abilities


You were on level 3 of the Dungeon.
You visited 1 branch of the dungeon, and saw 3 of its levels.

You collected 89 gold pieces.

Inventory:

Hand Weapons
 a - a +0 spear (weapon)
Armour
 b - a +0 robe (worn)
Jewellery
 h - a +6 ring of strength (left hand)
Scrolls
 d - a scroll of magic mapping {unknown}
 f - a scroll of acquirement {unknown}
Potions
 c - a potion of curing {unknown}
 e - a potion of flight {unknown}
 g - 2 potions of brilliance {unknown}


   Skills:
 - Level 3.6 Fighting
 * Level 4.9 Polearms
 + Level 2.1 Armour
 - Level 2.4 Dodging
 - Level 1.5 Stealth


You had 3 spell levels left.
You didn't know any spells.
Your spell library was empty.

Dungeon Overview and Level Annotations

Branches:
Dungeon (3/15)

Altars:

Shops:
D:2 =

Annotations:
D:3 Grinder


Message History

There are monsters nearby!
You closely miss the giant cockroach.
Grinder blinks!
The giant cockroach bites you but does no damage.
There are monsters nearby!
You hit the giant cockroach.
The giant cockroach is severely wounded.
The giant cockroach barely misses you.
There are monsters nearby!
You closely miss the giant cockroach.
The giant cockroach is severely wounded.
The giant cockroach bites you.
You closely miss the giant cockroach.
The giant cockroach is severely wounded.
You hit the giant cockroach.
You kill the giant cockroach!
You hit Grinder but do no damage.
Grinder blinks!
Grinder blinks!
You closely miss Grinder. Grinder gestures at you.
Pain shoots through your body!
You hit Grinder but do no damage. You hit Grinder but do no damage.
Grinder barely misses you.
You hit Grinder but do no damage. Grinder hits you.
You writhe in agony.
You hit Grinder.
Grinder is lightly wounded.
Grinder hits you.
You hit Grinder.
Grinder is moderately wounded.
Grinder hits you!
You writhe in agony.
You hit Grinder but do no damage.
Grinder is moderately wounded.
Grinder gestures at you. Pain shoots through your body!
* * * LOW HITPOINT WARNING * * *
You hit Grinder.
Grinder is moderately wounded.
You hit Grinder but do no damage.
Grinder is moderately wounded.
Grinder hits you!
You die...

.# .# ###.###
# #.....#
####.#.....#
.....#.....#
#.....5....#
#†@...# #
#†##### . #.#
#. #.## #
#.####..#
#.##^.....#.#
#........###<#
....##.## #..
.##.##).## ###


You could see Grinder.

Vanquished Creatures
  Jessica (D:3)
  An adder (D:2)
  A worm (D:2)
  4 ball pythons
  3 bats
  3 endoplasms
  2 giant cockroaches
  3 goblins
  A hobgoblin (D:1)
  5 kobolds
  2 quokkas (D:1)
  2 frilled lizards (D:1)
  5 rats
33 creatures vanquished.

Notes
Turn   | Place    | Note
-------+----------+-------------------------------------------
     0 | D:1      | mordus the Hill Orc Monk began the quest for the Orb.
     0 | D:1      | Reached XP level 1. HP: 19/19 MP: 1/1
   222 | D:1      | Reached XP level 2. HP: 22/26 MP: 2/2
   412 | D:1      | Reached skill level 1 in Armour
   841 | D:2      | Reached skill level 4 in Polearms
  1175 | D:2      | Reached XP level 3. HP: 22/31 MP: 3/3
  1638 | D:2      | Found Axtotus's Jewellery Boutique.
  1855 | D:3      | Noticed Jessica
  1857 | D:3      | Killed Jessica
  1858 | D:3      | Reached XP level 4. HP: 39/39 MP: 4/4
  1880 | D:3      | Noticed Grinder
  1901 | D:3      | Slain by Grinder

Illustrated notes

Levels and vault maps discovered:
D:1:      psy_arrival_whirlpool, layout_loops_ring
D:2:      layout_rooms, serial_shops, nicolae_shop_window_shopping,
          serial_bayou_pond_d, uniq_crazy_yiuf_cottage
D:3:      layout_loops_cross, nicolae_wu_jian_wuxing_cycle,
          hellmonk_ecumenical_altar_watching_god, uniq_jessica, uniq_grinder

Skill      XL: |  1  2  3 |
---------------+----------+-----
Armour         | 1 2 |  2.1
Polearms       | 4 |  4.9
Fighting       | |  3.6
Dodging        | |  2.4
Stealth        | |  1.5

Action                   |  1- 3 |  4- 6 || total
-------------------------+-------+-------++-------
Melee: Spear             |   116 |    19 ||   135
 Stab: Sleeping          |     6 |       ||     6
Armor: Robe              |    15 |     1 ||    16
Dodge: Dodged            |    41 |     5 ||    46

Table legend: (Time is in decaauts)
 A = Elapsed time spent in this place.
 B = Non-inter-level travel time spent in this place.
 C = Inter-level travel time spent in this place.
 D = Time resting spent in this place.
 E = Time spent auto-exploring this place.
 F = Levels seen in this place.
 G = Mean time per level.
                   A        B        C        D        E       F      G
               +--------+--------+--------+--------+--------+-----+--------+
         Total |   1887 |   1820 |     67 |    164 |   1401 |   3 |  629.0 |
       Dungeon |   1887 |   1820 |     67 |    164 |   1401 |   3 |  629.0 |
               +--------+--------+--------+--------+--------+-----+--------+

Top non-repeatable levels by time:
     D:1: 990 daAuts
     D:2: 854 daAuts
     D:3: 42 daAuts
